 Dungeon Crawl Stone Soup version 0.19.0-20-gbc5f0c6 (webtiles) character file.

200 Stormphoenix the Cutter (level 5, -3/41 HPs)
             Began as a Demonspawn Abyssal Knight on Nov 17, 2016.
             Was a Believer of Lugonu.
             Slain by a bullfrog (7 damage)
             ... in a sewer.
             The game lasted 00:08:59 (4068 turns).

Stormphoenix the Cutter (Demonspawn Abyssal Knight) Turns: 4068, Time: 00:08:59

Health: -3/41      AC:  7    Str: 14    XL:     5   Next: 48%
Magic:  0/6        EV: 11    Int: 13    God:    Lugonu [**....]
Gold:   190        SH:  0    Dex: 12    Spells: 0 memorised, 4 levels left

rFire  . . .     SeeInvis .     f - +2 dagger (speed)
rCold  + . .     Gourm    .     b - +0 leather armour
rNeg   . . .     Faith    .     (no shield)
rPois  .         Spirit   +     (no helmet)
rElec  .         Reflect  .     h - +1 cloak
rCorr  .         Harm     .     q - +1 pair of gloves
MR     .....                    (no boots)
Stlth  +.........               i - amulet of guardian spirit
                                (no ring)
                                (no ring)

@: no status effects
A: hooves 1, cold resistance 1
a: Depart the Abyss, Bend Space, Renounce Religion


You were in a sewer.
You worshipped Lugonu.
Lugonu was pleased with you.
You were not hungry.

You visited 1 branch of the dungeon, and saw 4 of its levels.
You visited the Abyss 1 time.
You also visited: Sewer.

You collected 190 gold pieces.

Inventory:

Hand Weapons
 a - a +1 falchion
 f - a +2 dagger of speed (weapon)
Armour
 b - a +0 leather armour (worn)
 h - a +1 cloak (worn)
 q - a +1 pair of gloves (worn)
Jewellery
 i - an amulet of guardian spirit (around neck)
 m - an uncursed ring of flight {unknown}
 o - a cursed -5 ring of protection {unknown}
Scrolls
 d - a scroll of recharging
 l - a scroll of remove curse
Potions
 j - a potion of curing
Comestibles
 c - 4 bread rations
 g - a meat ration
 n - a beef jerky


   Skills:
 - Level 3.0 Fighting
 + Level 4.4(4.8) Short Blades
 - Level 2.5(3.8) Long Blades
 - Level 1.7 Armour
 - Level 0.8 Dodging
 - Level 2.4 Invocations


You had 4 spell levels left.
You didn't know any spells.

Dungeon Overview and Level Annotations

Branches:
Dungeon (4/15)
 Temple: D:4-7

Altars:
Nemelex Xobeh


Innate Abilities, Weirdness & Mutations

You have large cloven feet.
Your flesh is cold resistant. (rC+)


Message History

The bullfrog is lightly wounded.
The bullfrog hits you but does no damage.
You hit the bullfrog.
You kick the bullfrog, but do no damage.
The bullfrog is moderately wounded.
The bullfrog hits you but does no damage.
The bullfrog completely misses you.
You hit the bullfrog. Your kick misses the bullfrog.
The bullfrog is heavily wounded.
The bullfrog hits you.
* * * LOW HITPOINT WARNING * * *
The bullfrog hits you.
* * * LOW HITPOINT WARNING * * *
You hit the bullfrog. Your kick misses the bullfrog.
The bullfrog is severely wounded.
The bullfrog hits you but does no damage.
You hit the bullfrog.
The bullfrog is almost dead.
The bullfrog barely misses you. The bullfrog hits you!
You die...

#.≈≈≈≈#######################
#.≈≈≈≈# # #.≈≈≈≈# # #.≈≈≈.#
####### # #÷÷≈≈≈# ####≈≈≈≈≈≈#
# #.≈≈≈≈####≈≈≈≈≈≈≈≈≈≈ #
#≈≈≈≈≈##≈≈≈≈≈≈≈≈≈≈≈≈ #
#≈≈≈≈≈#≈≈≈≈∩.≈≈≈≈≈≈≈ #
#≈≈≈≈≈≈≈≈≈≈.@≈≈≈.≈≈≈≈≈≈≈≈# #
#.≈≈≈≈≈≈≈≈≈≈FF..%.≈.≈≈≈≈≈# #
#≈≈≈≈≈≈≈≈≈≈..≈≈$?(.≈≈≈≈≈≈# #
#≈≈≈≈≈≈≈≈≈≈≈.≈..)≈≈≈≈≈≈≈≈# #
#≈≈≈≈≈≈≈≈≈≈≈≈≈≈≈≈≈≈≈≈≈≈≈≈# #
#≈≈≈≈†≈≈≈≈≈≈≈.≈≈≈≈≈≈≈≈≈≈# #
#.≈≈≈.≈≈≈≈≈≈≈≈≈≈≈≈≈≈≈≈≈≈# #
#.≈≈≈.≈≈≈≈≈≈≈≈≈≈≈≈≈≈≈≈#######
#.≈≈≈≈..≈†≈≈≈≈≈≈≈≈.........≈≈


You could see 2 bullfrogs.

Vanquished Creatures
  10 adders
  4 worms (D:2)
  2 dart slugs (D:2)
  5 leopard geckos
  An orc (D:3)
  6 giant cockroaches
  7 goblins
  4 hobgoblins (D:1)
  15 jackals
  8 kobolds
  A quokka (D:3)
  3 ball pythons
  8 bats
  10 frilled lizards
  6 rats
90 creatures vanquished.

Notes
Turn   | Place    | Note
-------+----------+-------------------------------------------
     0 | Abyss:1  | Stormphoenix the Demonspawn Abyssal Knight began the quest for the Orb.
     0 | Abyss:1  | Reached XP level 1. HP: 18/18 MP: 2/2
   115 | Abyss:1  | Noticed a large abomination
   131 | Abyss:2  | Noticed a large abomination
   131 | D:1      | Escaped the Abyss
   200 | D:1      | Reached * piety under Lugonu
   678 | D:1      | Gained mutation: You have large cloven feet. [demonic ancestry]
   678 | D:1      | Reached XP level 2. HP: 18/24 MP: 1/3
  1216 | D:1      | Reached skill level 1 in Short Blades
  1286 | D:2      | Gained mutation: Your flesh is cold resistant. (rC+) [demonic ancestry]
  1286 | D:2      | Reached XP level 3. HP: 21/29 MP: 2/4
  1502 | D:2      | Reached skill level 2 in Short Blades
  1867 | D:2      | Reached XP level 4. HP: 35/35 MP: 5/5
  1992 | D:2      | Reached skill level 3 in Short Blades
  2491 | D:2      | Reached ** piety under Lugonu
  2964 | D:3      | Found a sparkling altar of Nemelex Xobeh.
  3198 | D:3      | Reached XP level 5. HP: 38/41 MP: 6/6
  3630 | D:4      | Found a glowing drain.
  3646 | D:4      | Reached skill level 4 in Short Blades
  3655 | Sewer    | Entered a sewer
  4068 | Sewer    | Slain by a bullfrog

Skill      XL: |  1  2  3  4  5 |
---------------+----------------+-----
Long Blades    | 2 |  2.5
Short Blades   | 1 2 3 4 |  4.4
Fighting       | |  3.0
Armour         | |  1.7
Dodging        | |  0.8
Invocations    | |  2.4

Action                   |  1- 3 |  4- 6 || total
-------------------------+-------+-------++-------
Melee: Falchion          |    16 |       ||    16
       Dagger            |   145 |   321 ||   466
       Kick              |    38 |    48 ||    86
Invok: Depart the Abyss  |     1 |       ||     1
  Use: Scroll            |     5 |     3 ||     8
       Potion            |       |     3 ||     3
  Eat: Chunk             |     3 |     7 ||    10
Armor: Leather armour    |    33 |   106 ||   139
Dodge: Dodged            |    52 |   133 ||   185
       Rpst.: Falchion   |     4 |       ||     4
